 Dungeon Crawl Stone Soup version 0.29-a0-993-g4a18f31a58 (webtiles) character file.

Game seed: 10811784509528000153

17 siradein the Trooper (level 2, 0/49 HPs)
             Began as an Ogre Berserker on Aug 2, 2022.
             Was a Follower of Trog.
             Succumbed to an adder's poison
             ... on level 2 of the Dungeon.
             The game lasted 00:02:29 (669 turns).

siradein the Trooper (Ogre Berserker)                Turns: 669, Time: 00:02:30

Health: 0/49       AC:  3    Str: 20    XL:     2   Next: 62%
Magic:  2/2        EV: 10    Int:  8    God:    Trog [*.....]
Gold:   51         SH:  0    Dex:  8    Spells: 1/1 levels left

rFire   . . .      SeeInvis .   a - +0 mace
rCold   . . .      Faith    .   (no shield)
rNeg    . . .      Spirit   .   b - +0 animal skin
rPois   .          Reflect  .   (helmet restricted)
rElec   .          Harm     .   (no cloak)
rCorr   .          Rampage  .   (gloves unavailable)
Will    .....                   (boots unavailable)
Stlth   ..........              (no amulet)
HPRegen 0.16/turn               (no ring)
MPRegen 0.08/turn               (no ring)

@: berserking, lethally poisoned (0 -> -9), very quick
A: large, unfitting armour, tough skin 1
a: Renounce Religion, Berserk


You were on level 2 of the Dungeon.
You worshipped Trog.
Trog was aware of your devotion.
You visited 1 branch of the dungeon, and saw 2 of its levels.

You collected 51 gold pieces.

Inventory:

Hand Weapons
 a - a +0 mace (weapon)
Missiles
 f - 3 stones (quivered)
Armour
 b - a +0 animal skin (worn)
Scrolls
 d - a scroll of identify {unknown}
Potions
 c - a potion of lignification {unknown}
 e - a potion of flight {unknown}


   Skills:
 + Level 4.6 Fighting
 + Level 3.1 Maces & Flails
 - Level 2.6 Dodging


You had one spell level left.
You didn't know any spells.
Your spell library was empty.

Dungeon Overview and Level Annotations

Branches:
Dungeon (2/15)

Altars:


Innate Abilities, Weirdness & Mutations

You are too large for most types of armour.
You have tough skin. (AC +1)


Message History

The adder is heavily wounded.
The hobgoblin misses you. The adder closely misses you.
The hobgoblin completely misses you.
You hit the adder.
The adder is severely wounded.
The adder closely misses you. The adder bites you. The hobgoblin hits you.
You closely miss the adder.
The adder is severely wounded.
The adder bites you.
The hobgoblin hits you but does no damage.
The adder bites you.
You are too injured to fight recklessly!
You are too injured to fight recklessly!
You are too injured to fight recklessly!
You miss the adder.
The adder is severely wounded.
The hobgoblin hits you but does no damage.
The adder bites you.
You hit the adder.
The adder is almost dead.
The adder bites you.
You are poisoned.
The adder poisons you!
The hobgoblin hits you but does no damage.
The adder bites you but does no damage. The hobgoblin hits you.
* * * LOW HITPOINT WARNING * * *
A red film seems to cover your vision as you go berserk!
You feel yourself moving faster!
You feel mighty!
You feel sick. The adder bites you.
* * * LOW HITPOINT WARNING * * *
You are lethally poisoned!
The adder poisons you! The hobgoblin misses you.
You barely miss the adder.
The adder is severely wounded.
* * * LOW HITPOINT WARNING * * *
You feel sick. The adder barely misses you. The hobgoblin hits you.
* * * LOW HITPOINT WARNING * * *
You barely miss the adder.
The adder is severely wounded.
You die...

. ..... .....# :#.#.#
....# #... #..# #+#
#..###g.# #.# #....S@.#
#:# #.#.###.########.##
#.................#####
###.####.#####.........
#.###.##...#####
#.####.##.#.#..##
#........###..)#
######..## ##..# #...#
#...#


You could see an adder and a hobgoblin.

Vanquished Creatures
  3 endoplasms
  A goblin (D:1)
  A hobgoblin (D:1)
  3 kobolds
  A ball python (D:1)
  2 bats (D:1)
  A frilled lizard (D:1)
  6 rats (D:1)
18 creatures vanquished.

Notes
Turn   | Place    | Note
-------+----------+-------------------------------------------
     0 | D:1      | siradein the Ogre Berserker began the quest for the Orb.
     0 | D:1      | Reached XP level 1. HP: 24/24 MP: 1/1
     1 | D:1      | Noticed an electric eel
   116 | D:1      | Reached XP level 2. HP: 29/33 MP: 2/2
   322 | D:1      | Found a faded altar of an unknown god.
   668 | D:2      | HP: 2/49 [hobgoblin (1)]
   669 | D:2      | Succumbed to an adder's poison

Illustrated notes

Levels and vault maps discovered:
D:1:      arrival_aquarium_a, layout_rooms,
          hellmonk_ecumenical_altar_prayer_group
D:2:      layout_loops_corners, hex_tiny, minmay_close_crescents, uniq_natasha

Skill      XL: |  1  2 |
---------------+-------+-----
Maces & Flails | 3 |  3.1
Fighting       | |  4.6
Dodging        | |  2.6

Action                   || total
-------------------------++-------
Melee: Mace              ||    46
Invok: Berserk           ||     1
Armor: Animal skin       ||    19
Dodge: Dodged            ||    33

Table legend: (Time is in decaauts)
 A = Elapsed time spent in this place.
 B = Non-inter-level travel time spent in this place.
 C = Inter-level travel time spent in this place.
 D = Time resting spent in this place.
 E = Time spent auto-exploring this place.
 F = Levels seen in this place.
 G = Mean time per level.
                   A        B        C        D        E       F      G
               +--------+--------+--------+--------+--------+-----+--------+
         Total |    679 |    651 |     28 |      0 |    521 |   2 |  339.5 |
       Dungeon |    679 |    651 |     28 |      0 |    521 |   2 |  339.5 |
               +--------+--------+--------+--------+--------+-----+--------+

Top non-repeatable levels by time:
     D:1: 623 daAuts
     D:2: 56 daAuts
